 Dungeon Crawl Stone Soup version 0.27.0-1-g7a089689b8 (webtiles) character file.

Game seed: 12933138954634912092

4 H0rd4k the Caller (level 1, 0/13 HPs)
             Began as a Barachi Summoner on Aug 5, 2021.
             Slain by a kobold (5 damage)
             ... on level 1 of the Dungeon.
             The game lasted 00:00:41 (300 turns).

H0rd4k the Caller (Barachi Summoner)                 Turns: 300, Time: 00:00:41

Health: 0/13       AC:  2    Str:  9    XL:     1   Next: 70%
Magic:  0/3        EV: 12    Int: 15    God:
Gold:   2          SH:  0    Dex: 12    Spells: 3/4 levels left

rFire    . . .     SeeInvis .   (no weapon)
rCold    . . .     Faith    .   (no shield)
rNeg     . . .     Spirit   .   a - +0 robe
rPois    .         Reflect  .   (no helmet)
rElec    .         Harm     .   (no cloak)
rCorr    .         Rampage  .   (no gloves)
Will     .....                  (no boots)
Stlth    ++........             (no amulet)
HPRegen  0.04/turn              (no ring)
MPRegen  0.08/turn              (no ring)

@: slow
A: amphibious, slowness 1, strong legs 1, +LOS
a: Hop


You were on level 1 of the Dungeon.
You visited 1 branch of the dungeon, and saw 1 of its levels.

You collected 2 gold pieces.

Inventory:

Armour
 a - a +0 robe (worn)
Potions
 b - 2 potions of curing {unknown}


   Skills:
 + Level 2.1 Dodging
 - Level 1.7 Stealth
 * Level 2.3 Spellcasting
 * Level 5.0 Summonings


You had 3 spell levels left.
You knew the following spells:

 Your Spells              Type           Power      Damage    Failure   Level
a - Summon Small Mammal   Summ           64%        N/A       2%          1

Your spell library contained the following spells:

 Spells                   Type           Power      Damage    Failure   Level
 Call Imp                 Summ           16%        N/A       4%          2
 Call Canine Familiar     Summ           16%        N/A       9%          3
 Summon Guardian Golem    Hex/Summ       9%         N/A       22%         3
 Summon Lightning Spire   Summ/Air       9%         N/A       58%         4


Dungeon Overview and Level Annotations

Branches:
Dungeon (1/15)

Altars:


Innate Abilities, Weirdness & Mutations

You are amphibious.
You cover ground slowly.
You can hop short distances.
You have an extended range of vision and can be seen from far away.


Message History

The bat hits your quokka but does no damage.
The bat barely misses your quokka.
Your quokka misses the bat.
The bat hits something.
The rat barely misses you.
Your quokka bites the kobold.
You see here a +0 club.
The rat bites you. Something hits your quokka.
The ball python closely misses you. x2
Your quokka disappears in a puff of smoke!
Something completely misses your quokka.
Your quokka closely misses the bat.
The ball python bites you. The ball python grabs you.
The ball python constricts you. The ball python closely misses you.
The ball python constricts you.
The ball python bites you but does no damage.
The ball python constricts you.
You are too depleted to draw on your mana recklessly!
You hit the rat.
You kill the rat!
The ball python bites you but does no damage.
The ball python constricts you. The bat hits you but does no damage.
Your quokka barely misses the bat.
The kobold throws a stone.
The stone hits you but does no damage.
You barely miss the bat. The bat misses you. The bat hits your quokka.
The ball python bites you. The ball python constricts you.
Your quokka misses the bat.
The kobold hits your quokka with a +0 whip.
You closely miss the ball python. The bat hits you but does no damage.
The ball python bites you but does no damage.
The ball python constricts you.
Your quokka closely misses the ball python.
Your quokka barely misses the ball python.
The ball python bites you but does no damage.
The ball python constricts you.
The kobold hits your quokka with a +0 whip.
Your quokka dies!
Your quokka's corpse disappears in a puff of smoke!
Your quokka bites the ball python.
The ball python dies!
The bat hits you.
Your quokka misses the bat. The bat hits you but does no damage.
The kobold hits you with a +0 whip.
You die...

.##.##. .$.... #....# .
....(##### .. #.......#
##... ###.....#.##.....
#...............
###.....rb§...# ...
.........†@K### ..#
###.......r.### #.#
#.....#.#...# #.#
#...###'###.####.#
#...#m#.#o#...##.###...
#.. ###.###.†))........
.... #M#.#N#..#.#.####.
###. ###.####.....r.##
# #p#.#p####.##...###


You could see a bat (ally target), a kobold and 2 friendly quokkas.

Vanquished Creatures
  A rat (D:1)
1 creature vanquished.

Vanquished Creatures (collateral kills)
  2 goblins (D:1)
  A hobgoblin (D:1)
  2 ball pythons (D:1)
  A frilled lizard (D:1)
6 creatures vanquished.

Grand Total: 7 creatures vanquished

Notes
Turn   | Place    | Note
-------+----------+-------------------------------------------
     0 | D:1      | H0rd4k the Barachi Summoner began the quest for the Orb.
     0 | D:1      | Reached XP level 1. HP: 13/13 MP: 3/3
     2 | D:1      | Noticed a tengu
     2 | D:1      | Noticed a felid
     4 | D:1      | Noticed a palentonga
     4 | D:1      | Noticed a dwarf
     6 | D:1      | Noticed a gargoyle
     6 | D:1      | Noticed a demonspawn
     8 | D:1      | Noticed a draconian
     8 | D:1      | Noticed a formicid
    10 | D:1      | Noticed a djinni
    10 | D:1      | Noticed a troll
    12 | D:1      | Noticed a minotaur
    12 | D:1      | Noticed an elf
    14 | D:1      | Noticed a spriggan
    16 | D:1      | Noticed a vampire
    16 | D:1      | Noticed a ghoul
    18 | D:1      | Noticed a barachi
    18 | D:1      | Noticed a vine stalker
    20 | D:1      | Noticed an ogre
    20 | D:1      | Noticed an octopode
    22 | D:1      | Noticed a demigod
    22 | D:1      | Noticed a human
    24 | D:1      | Noticed a naga
    26 | D:1      | Noticed a merfolk
   280 | D:1      | Reached skill level 5 in Summonings
   300 | D:1      | Slain by a kobold

Illustrated notes

Levels and vault maps discovered:
D:1:      kb_arrival_jail, layout_rooms,
          hellmonk_ecumenical_altar_defaced_shrine

Skill      XL: |  1 |
---------------+----+-----
Summonings     | 5 |  5.0
Dodging        | |  2.1
Stealth        | |  1.7
Spellcasting   | |  2.3

Action                   || total
-------------------------++-------
Melee: Unarmed           ||     4
 Cast: Summon Small Mamm ||    12
Armor: Robe              ||     8
Dodge: Dodged            ||    10
